 Dungeon Crawl Stone Soup version 0.26.1-11-gd32895ea62 (webtiles) character file.

Game seed: 6391722674157070149

25213 bnorton916 the Cleaver (level 13, -2/103 HPs)
             Began as a Formicid Fighter on June 21, 2021.
             Was an Initiate of Gozag.
             Slain by Snorg (14 damage)
             ... on level 10 of the Dungeon.
             The game lasted 00:33:37 (16158 turns).

bnorton916 the Cleaver (Formicid Fighter)          Turns: 16158, Time: 00:33:39

Health: -2/103     AC: 15    Str: 26    XL:     13   Next: 48%
Magic:  13/13      EV: 14    Int:  8    God:    Gozag
Gold:   1896       SH: 12    Dex: 12    Spells: 12/12 levels left

rFire    . . .     SeeInvis +   O - +4 battleaxe (flame)
rCold    + . .     Faith    .   c - +0 kite shield
rNeg     . . .     Spirit   .   V - +4 scale mail of Curiosity {Str+2}
rPois    +         Reflect  .   (helmet unavailable)
rElec    .         Harm     .   b - scarf {+Inv}
rCorr    .         Rampage  .   n - +0 pair of gloves
Will     +....                  e - +0 pair of boots
Stlth    ..........             g - amulet of regeneration
HPRegen  0.67/turn              h - ring of poison resistance
MPRegen  0.13/turn              D - ring of protection from cold

@: mighty
A: permanent stasis, dig shafts and tunnels, four strong arms, antennae 3
a: Dig, Shaft Self, Renounce Religion, Evoke Invisibility, Potion Petition, Call
Merchant, Bribe Branch


You were on level 10 of the Dungeon.
You worshipped Gozag.
Gozag was most pleased with you.
You visited 3 branches of the dungeon, and saw 13 of its levels.
You also visited: Bailey and Ice Cave.

You collected 3058 gold pieces.
You spent 604 gold pieces at shops.
You paid 558 gold pieces to Gozag.

Inventory:

Hand Weapons
 i - a cursed -1 rapier
 u - a +1 vorpal spear
 I - a +2 battleaxe of freezing
 O - a +4 battleaxe of flaming (weapon)
 Q - a +7 triple crossbow of flaming
 S - the +5 scimitar of Cowardice {drain, rF++}
   (You found it in an ice cave)

   A truly terrible weapon, it drains the life of those it strikes.
   It greatly protects you from fire.
 U - the +3 spear "Dasethoss" {antimagic, +Blink +Rage Dex-3 SInv, unknown}
   (You found it on level 11 of the Dungeon)

   It reduces the magical energy of the wielder, and disrupts the spells and
   magical abilities of those hit.
   Natural abilities and divine invocations are not affected.
   It affects your dexterity (-3).
   It lets you see invisible.
   It lets you blink.
   It lets you go berserk.
Missiles
 a - 295 bolts
 m - 4 silver boomerangs
 w - 5 curare-tipped darts
Armour
 b - a scarf of invisibility (worn)
 c - a +0 kite shield (worn)
 e - a +0 pair of boots (worn)
 n - a +0 pair of gloves (worn)
 H - a +0 tower shield
 V - the +4 scale mail of Curiosity (worn) {Str+2}
   (You bought it in a shop on level 10 of the Dungeon)

   It affects your strength (+2).
Magical Staves
 y - an uncursed staff of conjuration {unknown}
Jewellery
 g - an amulet of regeneration (around neck)
 h - a ring of poison resistance (left hand)
 x - an uncursed amulet of reflection
 D - a ring of protection from cold (right hand)
Wands
 t - a wand of random effects (44)
 C - a wand of disintegration (20)
 F - a wand of iceblast (11)
 G - a wand of flame (37)
 J - a wand of polymorph (8)
Scrolls
 k - 7 scrolls of remove curse
 l - 6 scrolls of enchant weapon
 o - 3 scrolls of fog
 v - 2 scrolls of identify
 A - a scroll of brand weapon
 K - a scroll of noise
 L - a scroll of amnesia
 M - a scroll of acquirement {unknown}
 N - 3 scrolls of enchant armour
Potions
 f - 2 potions of brilliance
 j - a potion of mutation
 p - a potion of attraction
 q - 4 potions of lignification
 r - 6 potions of haste
 s - 3 potions of flight
 z - 8 potions of ambrosia
 B - 4 potions of heal wounds
 E - a potion of curing
 R - a potion of invisibility {unknown}
Miscellaneous
 T - a condenser vane


   Skills:
 - Level 10.2 Fighting
 + Level 14.6 Axes
 - Level 9.0 Armour
 - Level 8.0 Dodging
 - Level 9.0 Shields


You had 12 spell levels left.
You didn't know any spells.
Your spell library contained the following spells:

 Spells                   Type           Power        Failure   Level
 Corona                   Hex            0%           65%         1
 Slow                     Hex            0%           78%         2
 Inner Flame              Hex/Fire       0%           95%         3
 Portal Projectile        Hex/Tloc       0%           95%         3
 Cause Fear               Hex            0%           100%        4
 Leda's Liquefaction      Hex/Erth       0%           100%        4
 Summon Lightning Spire   Summ/Air       0%           100%        4
 Silence                  Hex/Air        0%           100%        5
 Conjure Ball Lightning   Conj/Air       0%           100%        6
 Tornado                  Air            0%           100%        9


Dungeon Overview and Level Annotations

Branches:
Dungeon (11/15)            Temple (1/1) D:5            Lair (2/6) D:8
    Orc (0/2) D:10         Bailey (visited)           IceCv (visited)
  Swamp: Lair:2-4    Shoals: Lair:2-4     Snake: Lair:2-4    Spider: Lair:2-4

Altars:
Ashenzari
Cheibriados
Dithmenos
Elyvilon
Fedhas
Gozag
Hepliaklqana
Kikubaaqudgha
Makhleb
Nemelex Xobeh
Okawaru
Qazlal
Ru
Sif Muna
Trog
Uskayaw
Vehumet
Wu Jian
Xom
Yredelemnul
Zin
The Shining One

Shops:
D:6 (:   D:10 [   Lair:1 (

Annotations:
D:4 2 runed translucent doors, oc3rt's ghost, amateur KoHu
D:8 2 transporters, SpoonFarmer's ghost, novice MiFi
D:10 Snorg
Lair:1 1 runed translucent door, Icepheonix32's ghost, journeyman SpVM


Innate Abilities, Weirdness & Mutations

You cannot be hasted, slowed, berserked, paralysed or teleported.
You can dig through walls and to a lower floor.
Your four strong arms can wield two-handed weapons with a shield.
You have a pair of large antennae on your head. (SInv)


Message History

* * * LOW HITPOINT WARNING * * *
Snorg claws you but does no damage.
You slash Snorg! You burn Snorg.
Snorg is heavily wounded.
Snorg barely misses you. Snorg claws you!
* * * LOW HITPOINT WARNING * * *
You block Snorg's attack. Snorg completely misses you.
Snorg claws you but does no damage. Snorg closely misses you.
You barely miss Snorg.
Snorg is heavily wounded.
Snorg closely misses you. You block Snorg's attack. Snorg barely misses you.
You feel much better.
You block Snorg's attack. x2; Snorg barely misses you.
You feel very mighty all of a sudden. Snorg bites you!
* * * LOW HITPOINT WARNING * * *
Snorg claws you!
* * * LOW HITPOINT WARNING * * *
You block Snorg's attack. Snorg barely misses you. Snorg claws you!
You die...
Your body crumbles into a pile of gold.

?#≈.#* *,.# #..# .#≈..# *,*#
#..# *## .#≈..#**,* #..## *#.#
##≈...,,,* ##...##### *#.#*
≈≈≈,..#*** ##........####..##
,,,,,,,* ##...###..........#*
*****,,** ###...##
######..##..# #.,,*##..{####
##.##*** *#..##>..#{#@#
##..### **#......###T##
#..#..# ***#.......## ###
##<##### ,,,.......##* ##..#
.,,.......,,###* ##..##
.,,.......{,...#######...#
#8+8#####8+8*#.......<...##
,,,,,,8{o{{,,#............#
,,,,,,,,To,,,#............##**


You could see Snorg (berserk).

Vanquished Creatures
  5 death yaks
  A necromancer (IceCv)
  A deep elf mage (D:10)
  An orc knight (Bailey)
  A manticore (D:11)
  2 ice statues (IceCv)
  Psyche (D:8)
  3 cane toads
  6 komodo dragons
  9 ice devils
  A troll (D:10)
  A queen bee (D:11)
  4 polar bears (D:10)
  3 hornets
  Sigmund (D:5)
  A wyvern (D:10)
  35 yaks
  A basilisk (Lair:1)
  A swamp worm (Lair:2)
  2 wargs (D:8)
  4 water moccasins
  5 ice beasts
  17 orc warriors
  A sky beast (D:6)
  2 black bears (D:10)
  3 ogres
  An eye of draining (D:11)
  A wolf (D:10)
  A big kobold (D:10)
  11 bullfrogs
  3 wyvern zombies
  A gnoll sergeant (D:10)
  4 scorpions
  28 killer bees
  3 wights (D:11)
  3 howler monkeys
  An electric eel (D:10)
  3 hounds
  2 draconian simulacra (IceCv)
  A bullfrog zombie (D:11)
  A bullfrog skeleton (D:11)
  6 orc priests
  A jelly (D:6)
  Jessica (D:6)
  Natasha (thrice) (D:2)
  2 iguanas
  5 orc wizards
  4 troll simulacra (IceCv)
  10 worker ants
  2 centaur simulacra
  A hound skeleton (D:10)
  A worker ant zombie (D:6)
  13 gnolls
  A howler monkey skeleton (D:6)
  12 adders
  3 naga simulacra (IceCv)
  6 white imps
  An ufetubus (D:5)
  2 oozes
  An adder skeleton (D:5)
  2 worms
  2 dart slugs
  6 leopard geckos
  40 orcs
  12 bats
  6 giant cockroaches
  14 goblins
  5 hobgoblins
  4 jackals (D:2)
  6 kobolds
  3 quokkas
  A ball python (D:1)
  6 frilled lizards
  2 gnoll zombies (D:7)
  A leopard gecko skeleton (D:4)
  A quokka skeleton (D:4)
  6 rats
368 creatures vanquished.

Vanquished Creatures (others)
  A kobold (D:10)
  7 fungi
  10 plants
18 creatures vanquished.

Grand Total: 386 creatures vanquished

Notes
Turn   | Place    | Note
-------+----------+-------------------------------------------
     0 | D:1      | bnorton916 the Formicid Fighter began the quest for the
                  | Orb.
     0 | D:1      | Reached XP level 1. HP: 18/18 MP: 1/1
   108 | D:1      | Reached XP level 2. HP: 23/24 MP: 2/2
   389 | D:1      | Reached XP level 3. HP: 26/29 MP: 3/3
  1328 | D:2      | Reached XP level 4. HP: 37/37 MP: 4/4
  1575 | D:3      | Reached XP level 5. HP: 13/38 MP: 5/5
  2060 | D:3      | Found a sacrificial altar of Ru.
  2202 | D:4      | Reached skill level 3 in Axes
  2325 | D:4      | Reached XP level 6. HP: 15/49 MP: 6/6
  2655 | D:4      | Reached skill level 5 in Shields
  2889 | D:4      | Noticed an ogre
  2902 | D:4      | Killed an ogre
  2903 | D:4      | Reached skill level 5 in Fighting
  2903 | D:4      | Reached skill level 5 in Armour
  2903 | D:4      | Reached XP level 7. HP: 33/56 MP: 7/7
  3204 | D:5      | Entered Level 5 of the Dungeon
  3266 | D:5      | Found a staircase to the Ecumenical Temple.
  3273 | Temple   | Entered the Ecumenical Temple
  3379 | Temple   | Became a worshipper of Gozag Ym Sagoz the Greedy
  3591 | D:3      | Reached skill level 4 in Axes
  3923 | D:2      | Noticed Natasha
  3930 | D:2      | Killed Natasha
  4269 | D:2      | Noticed Natasha
  4283 | D:2      | Killed Natasha
  4399 | D:2      | Noticed Natasha
  4408 | D:2      | Killed Natasha
  4787 | D:4      | Found a large runed translucent door.
  4787 | D:4      | Found a large runed translucent door.
  4790 | D:4      | Noticed oc3rt's ghost (amateur KoHu)
  5337 | D:5      | Found an ancient bone altar of Kikubaaqudgha.
  5349 | D:5      | Noticed Sigmund
  5364 | D:5      | Killed Sigmund
  5365 | D:5      | Reached XP level 8. HP: 64/64 MP: 8/8
  6236 | D:5      | Found a hazy altar of Hepliaklqana.
  6289 | D:5      | Reached skill level 5 in Axes
  6780 | D:6      | Found Miukoh's Weapon Shop.
  6908 | D:6      | Reached XP level 9. HP: 71/71 MP: 9/9
  6980 | D:6      | Found a broken altar of Ashenzari.
  7340 | D:6      | Found Sarchumn's Book Boutique.
  7508 | D:6      | Noticed Jessica
  7515 | D:6      | Killed Jessica
  7525 | D:6      | Found a shimmering blue altar of Sif Muna.
  7702 | D:7      | Reached skill level 6 in Axes
  7745 | D:7      | Found a basalt altar of Yredelemnul.
  8437 | D:8      | Found a staircase to the Lair.
  8488 | D:8      | Noticed Psyche
  8513 | D:8      | Killed Psyche
  8514 | D:8      | Reached XP level 10. HP: 49/80 MP: 10/10
  8526 | D:8      | Reached skill level 7 in Axes
  8654 | D:8      | Found a transporter.
  8656 | D:8      | Found a transporter.
  8656 | D:8      | Noticed SpoonFarmer's ghost (novice MiFi)
  9137 | Lair:1   | Entered Level 1 of the Lair of Beasts
  9154 | Lair:1   | Noticed a komodo dragon
  9368 | D:8      | Killed a komodo dragon
  9448 | Lair:1   | Noticed a cane toad
  9468 | D:8      | Killed a cane toad
  9469 | D:8      | Reached skill level 1 in Dodging
  9661 | Lair:1   | Reached skill level 8 in Axes
  9664 | Lair:1   | Noticed a cane toad
  9842 | D:7      | Reached XP level 11. HP: 45/89 MP: 11/11
 10072 | D:8      | Reached skill level 10 in Fighting
 10468 | Lair:1   | Reached skill level 9 in Axes
 10577 | Lair:1   | Bought a +2 battleaxe of freezing for 379 gold pieces
 10815 | Lair:1   | Found a runed translucent door.
 10816 | Lair:1   | Found a shimmering altar of Xom.
 10816 | Lair:1   | Noticed Icepheonix32's ghost (journeyman SpVM)
 10816 | Lair:1   | Noticed a +1 mace of chaos
 10977 | Lair:1   | Reached skill level 5 in Dodging
 11022 | Lair:1   | Reached skill level 10 in Axes
 11628 | Lair:2   | Reached XP level 12. HP: 88/97 MP: 12/12
 11662 | Lair:2   | Noticed a death yak
 11663 | Lair:2   | Noticed a death yak
 11663 | Lair:2   | Noticed a death yak
 11663 | Lair:2   | Noticed a death yak
 11703 | Lair:1   | Killed a death yak
 11742 | Lair:2   | Noticed a death yak
 11756 | Lair:1   | Killed a death yak
 11784 | Lair:1   | Killed a death yak
 11814 | Lair:1   | Killed a death yak
 11815 | Lair:1   | Reached skill level 11 in Axes
 11830 | Lair:2   | Killed a death yak
 12053 | Lair:2   | Noticed a seven-headed hydra
 12054 | Lair:2   | Noticed a six-headed hydra
 12208 | D:8      | You fall into a shaft and drop 3 floors!
 12646 | D:11     | Found a frozen archway.
 12810 | IceCv    | Entered an ice cave
 12844 | IceCv    | Reached skill level 12 in Axes
 13392 | IceCv    | Got a faintly glowing scale mail
 13399 | IceCv    | Got a polished scimitar
 13464 | IceCv    | Reached XP level 13. HP: 70/103 MP: 13/13
 13559 | IceCv    | Identified the +5 scimitar of Cowardice {drain, rF++} (You
                  | found it in an ice cave)
 13596 | IceCv    | Reached skill level 13 in Axes
 13670 | D:11     | Identified the +1 scale mail of Luwued {rPois Int+4} (You
                  | found it in an ice cave)
 14244 | D:11     | Got a dazzling spear
 14255 | D:10     | Entered Level 10 of the Dungeon
 14265 | D:10     | Found Oherudgh's Antique Armour Shop.
 14268 | D:10     | Bought a distressingly furry scale mail for 225 gold pieces
 14280 | D:10     | Identified the +4 scale mail of Curiosity {Str+2} (You
                  | bought it in a shop on level 10 of the Dungeon)
 14449 | D:10     | Found a flagged portal.
 14461 | Bailey   | Entered a bailey
 14689 | Bailey   | Reached skill level 14 in Axes
 14996 | Bailey   | Found a roughly hewn altar of Beogh.
 15653 | D:10     | Identified the cursed +0 ring mail of Egalitarianism {rC+}
 15930 | D:10     | Found a hide-covered altar of Uskayaw.
 16126 | D:10     | Noticed Snorg
 16158 | D:10     | Slain by Snorg

Illustrated notes

Levels and vault maps discovered:
D:1:      arrival_zaba_pyramid, layout_basic, glass_columns_a,
          minmay_misc_feat_plants
D:2:      layout_loops_ring, uniq_natasha
D:3:      layout_basic, old_standard_altar, minmay_misc_feat_rugged
D:4:      layout_basic, ebering_ghost_disaster_area, serial_corexii_hall,
          corexii_hall_statues_l, corexii_hall_statues_x
D:5:      layout_basic, nzn_hepliaklqana_mist_gate, lemuel_crystal_altar,
          minmay_temple_entry_junction, kennysheep_nub,
          minmay_fractal_squares_diagonal_5, uniq_sigmund
D:6:      layout_basic, evilmike_ruin_ashenzari, tgw_sif, serial_shops,
          kennysheep_little_box, shop, roderic_batcave
D:7:      layout_cave_pools, lemuel_zombie_altar_yredelemnul
D:8:      layout_loops_ring, erik_lair_orcish_takeover, gammafunk_ghost_smash,
          uniq_psyche
D:10:     layout_layer_cave, david_orc_5, serial_shops, kennysheep_mini_moat,
          serial_ice, serial_ice_g, serial_ice_k, serial_ice_o, serial_ice_m,
          serial_ice_e, serial_ice_h, serial_ice_b, serial_ice_d,
          enter_bailey_3, hangedman_abyss_or_decor_stagger,
          david_defended_altar_elf, uniq_snorg
D:11:     layout_roguey [special_room_bee], portal_ice_cave_demonic_guard
Temple:   regret_index_temple_sphere_string
Lair:1:   layout_chaotic_city, ebering_ghost_xom, chequers_serial_rivers_marsh,
          beast_lair_carwin_11, grunt_megastairs_2
Lair:2:   layout_cave_pods, palyth_hydra_swamp_entry, spider_nest_entry_a

Skill      XL: |  1  2  3  4  5  6  7  8  9 10 11 12 13 |
---------------+----------------------------------------+-----
Shields        | 4 5 6 7 8 9 |  9.0
Armour         | 4 5 6 8 9 |  9.0
Fighting       | 4 5 6 8 9 10 | 10.2
Axes           | 3 4 5 6 8 10 12 14 | 14.6
Dodging        | 2 6 8 |  8.0

Action                   |  1- 3 |  4- 6 |  7- 9 | 10-12 | 13-15 || total
-------------------------+-------+-------+-------+-------+-------++-------
Melee: War axe           |    69 |   155 |   364 |   229 |       ||   817
       Battleaxe         |       |       |       |   340 |   166 ||   506
       Flail             |       |       |       |   154 |     4 ||   158
 Fire: Triple crossbow   |       |       |       |       |    44 ||    44
Invok: Call Merchant     |       |       |       |     1 |       ||     1
 Abil: Dig               |       |     5 |    11 |    17 |     1 ||    34
       Shaft Self        |       |       |       |     1 |       ||     1
Evoke: Wand              |       |       |       |     1 |       ||     1
  Use: Scroll            |       |       |    13 |     8 |     1 ||    22
       Potion            |       |       |     2 |       |     2 ||     4
 Stab: Distracted        |       |       |       |     2 |     1 ||     3
Armor: Scale mail        |    25 |    48 |   124 |   200 |    68 ||   465
Dodge: Dodged            |    17 |    48 |   114 |   278 |   120 ||   577
Block: Kite shield       |    35 |    91 |   200 |   399 |   173 ||   898
       Reflection        |       |       |       |       |    18 ||    18
